 Dungeon Crawl Stone Soup version 0.30-a0-779-g7971cf19c3 (webtiles) character file.

Game seed: 9315910942724190810

79 Dittersdorf the Shield-Bearer (level 4, 0/29 HPs)
             Began as a Gargoyle Fighter on Feb 17, 2023.
             Blown up by Ijyb (11 damage)
             ... with a mindburst bolt
             ... on level 3 of the Dungeon.
             The game lasted 00:01:52 (2409 turns).

Dittersdorf the Shield-Bearer (Gargoyle Fighter)    Turns: 2409, Time: 00:01:53

Health: 0/29       AC: 10    Str: 21    XL:     4   Next: 38%
Magic:  4/4        EV:  9    Int:  9    God:
Gold:   160        SH:  4    Dex:  9    Spells: 3/3 levels left

rFire   . . .      SeeInvis .    a - +0 flail
rCold   . . .      Faith    .    c - +0 buckler
rNeg    + . .      Spirit   .    b - +0 scale mail
rPois   ∞          Reflect  .    (no helmet)
rElec   +          Harm     .    (no cloak)
rCorr   .          Rampage  .    (no gloves)
Will    .....                    (no boots) Stlth
                                 (no amulet)
HPRegen 0.24/turn                (no ring)
MPRegen 0.09/turn                (no ring)

@: no status effects
A: sickness immunity, AC +3, negative energy resistance 1, electricity
resistance, torment resistance 1, petrification resistance
a: no special abilities


You were on level 3 of the Dungeon.
You visited 1 branch of the dungeon, and saw 3 of its levels.

You collected 160 gold pieces.

Inventory:

Hand Weapons
 a - a +0 flail (weapon)
Armour
 b - a +0 scale mail (worn)
 c - a +0 buckler (worn)
Scrolls
 h - 3 scrolls of fog {unknown}
 i - a scroll of noise {unknown}
 j - 2 scrolls of identify {unknown}
 k - 2 scrolls of blinking {unknown}
 l - a scroll of amnesia {unknown}
Potions
 d - a potion of might
 e - a potion of heal wounds {unknown}
 f - 3 potions of curing {unknown}
 g - a potion of ambrosia {unknown}
 m - a potion of resistance {unknown}


   Skills:
 + Level 3.9 Fighting
 + Level 2.7 Maces & Flails
 + Level 4.0 Armour
 + Level 4.0 Shields


You had 3 spell levels left.
You didn't know any spells.
Your spell library contained the following spells:

 Spells                   Type           Power      Damage    Failure   Level
 Shock                    Conj/Air       0%         1d3       80%         1
 Swiftness                Air            0%         N/A       99%         3
 Airstrike                Air            0%         2d(0-16)  100%        4


Dungeon Overview and Level Annotations

Branches:
Dungeon (3/15)

Altars:
The Shining One

Annotations:
D:3 Ijyb


Innate Abilities, Weirdness & Mutations

You are immune to sickness and miasma.
Your stone body is resilient. (AC +3)
You are immune to poison.
You resist negative energy. (rN+)
You are resistant to electric shocks. (rElec)
You are resistant to unholy torment.
You are immune to petrification.


Message History

There is a stone staircase leading down here.
You start resting.
HP restored.
You climb downwards.
Level annotation: Ijyb Ijyb zaps a wand.
Your mind is blasted!
There is a stone staircase leading up here.
You climb upwards.
There is a stone staircase leading down here.
You start resting.
HP restored.
You climb downwards.
Level annotation: Ijyb
There is a stone staircase leading up here.
Throw: 2 darts (poison)
Press: ? - help, Q - select action Shift-Dir - straight line, f - Ijyb
Aim: Ijyb, wielding a +0 dagger, wearing a +0 leather armour and carrying a wand of mindburst (2) (45% to hit)
You throw a poisoned dart. The poisoned dart barely misses Ijyb.
Throw: dart (poison)
Press: ? - help, Q - select action Shift-Dir - straight line, f/p - Ijyb
Aim: Ijyb, wielding a +0 dagger, wearing a +0 leather armour and carrying a wand of mindburst (2) (45% to hit)
You throw a poisoned dart. The poisoned dart closely misses Ijyb.
You block Ijyb's attack.
You thump Ijyb!
Ijyb is moderately wounded.
Ijyb hits you but does no damage. You block Ijyb's attack.
You closely miss Ijyb.
Ijyb is moderately wounded.
Ijyb hits you with a +0 dagger.
You barely miss Ijyb.
Ijyb is moderately wounded.
Ijyb zaps a wand.
Your mind is blasted!
You hit Ijyb.
Ijyb is heavily wounded.
Ijyb hits you with a +0 dagger.
You hit Ijyb.
Ijyb is severely wounded.
Ijyb screams, "Die!"
Ijyb hits you with a +0 dagger.
Ijyb zaps a wand.
Your mind is blasted!
You die...

#####.#.# ##.........
#..... #.......#..
###.#.# #
###.#######.# #.#.# #.
.(#.#.....#.# # # #.
#.#.#..##.#.#
#..#.#.#.......#
#..#.#.#.....######.
#...g...............
#.####@...###..######.
#.....<.......[.......
#####
#########.###########.
....#
..................
....#
##########..######
....# #.......# .†..#
### #.......# ....#
#<# #.......# ....#
#.# #....>..+


You could see Ijyb.

Vanquished Creatures
  3 adders
  2 worms (D:2)
  A dart slug (D:3)
  2 endoplasms (D:2)
  2 giant cockroaches
  7 goblins
  5 hobgoblins
  4 jackals (D:1)
  2 quokkas
  3 ball pythons
  A bat (D:3)
  4 frilled lizards (D:1)
  5 kobolds
  3 rats (D:2)
44 creatures vanquished.

Vanquished Creatures (others)
  5 toadstools (D:1)
5 creatures vanquished.

Grand Total: 49 creatures vanquished

Notes
Turn   | Place    | Note
-------+----------+-------------------------------------------
     0 | D:1      | Dittersdorf the Gargoyle Fighter began the quest for the
                  | Orb.
     0 | D:1      | Reached XP level 1. HP: 14/14 MP: 1/1
   160 | D:1      | You fall into a shaft and drop 1 floor!
   197 | D:2      | Reached XP level 2. HP: 13/19 MP: 2/2
   583 | D:1      | Found a faded altar of an unknown god.
   609 | D:1      | Reached XP level 3. HP: 15/23 MP: 3/3
  1583 | D:3      | Found a glowing golden altar of the Shining One.
  1647 | D:3      | Reached XP level 4. HP: 29/29 MP: 4/4
  2105 | D:3      | Noticed Ijyb
  2409 | D:3      | Blown up by Ijyb

Illustrated notes

Levels and vault maps discovered:
D:1:      ldierk_walled_garden, layout_loops_cross,
          hellmonk_ecumenical_altar_run_dry
D:2:      layout_loops_ring
D:3:      layout_basic, mainiacjoe_overflow_boulevard, uniq_ijyb

Skill      XL: |  1  2  3  4 |
---------------+-------------+-----
Shields        | 4 |  4.0
Armour         | 4 |  4.0
Fighting       | |  3.9
Maces & Flails | |  2.7

Action                     |  1- 3 |  4- 6 || total
---------------------------+-------+-------++-------
  Melee: Flail             |   132 |    45 ||   177
  Throw: Dart              |       |     6 ||     6
 Armour: Scale mail        |   104 |    30 ||   134
  Dodge: Dodged            |    84 |    19 ||   103
  Block: Buckler           |    41 |    15 ||    56

Table legend: (Time is in decaauts)
 A = Elapsed time spent in this place.
 B = Non-inter-level travel time spent in this place.
 C = Inter-level travel time spent in this place.
 D = Time resting spent in this place.
 E = Time spent auto-exploring this place.
 F = Levels seen in this place.
 G = Mean time per level.
                   A        B        C        D        E       F      G
               +--------+--------+--------+--------+--------+-----+--------+
         Total |   2471 |   2386 |     85 |    237 |   1723 |   3 |  823.7 |
       Dungeon |   2471 |   2386 |     85 |    237 |   1723 |   3 |  823.7 |
               +--------+--------+--------+--------+--------+-----+--------+

Top non-repeatable levels by time:
     D:2: 1016 daAuts
     D:1: 899 daAuts
     D:3: 556 daAuts
